 Dungeon Crawl Stone Soup version 0.28-a0-984-g3775c662fe (webtiles) character file.

Game seed: 9563745931847517589

58583 enile the Warrior (level 14, -6/140 HPs)
             Began as a Minotaur Delver on Dec 4, 2021.
             Was the Champion of Makhleb.
             Mangled by an eight-headed hydra (10 damage)
             ... on level 6 of the Lair of Beasts.
             The game lasted 00:57:21 (21764 turns).

enile the Warrior (Minotaur Delver)                Turns: 21764, Time: 00:57:22

Health: -6/140     AC: 21    Str: 23    XL:     14   Next: 50%
Magic:  18/18      EV:  9    Int:  9    God:    Makhleb [******]
Gold:   663        SH: 14    Dex:  9    Spells: 13/13 levels left

rFire   + . .      SeeInvis .   f - +1 spear "Seones" {spect, rElec rPois Str+3 Int+2}
rCold   + + .      Faith    .   p - +3 kite shield {rC+}
rNeg    + + .      Spirit   .   I - +6 chain mail of Beogh's Supremacy {rF+ rC+ rCorr Dex-5}
rPois   +          Reflect  .   (helmet restricted)
rElec   +          Harm     .   x - scarf {shadows}
rCorr   +          Rampage  .   (no gloves)
Will    ++++.      Clarity  +   P - +2 pair of boots
Stlth   ..........              K - amulet of the Four Winds {rN+ Will+++ Clar}
HPRegen 0.33/turn               a - +4 ring of slaying
MPRegen 0.16/turn               M - ring of positive energy

@: studying Fighting
A: horns 2, retaliatory headbutt
a: Renounce Religion, Minor Destruction, Lesser Servant of Makhleb, Major
Destruction, Greater Servant of Makhleb


You were on level 6 of the Lair of Beasts.
You worshipped Makhleb.
Makhleb was exalted by your worship.
You visited 2 branches of the dungeon, and saw 17 of its levels.
You also visited: Ice Cave.

You collected 1999 gold pieces.
You spent 1336 gold pieces at shops.

Inventory:

Hand Weapons
 f - the +1 spear "Seones" (weapon) {spect, rElec rPois Str+3 Int+2}
   (You took it off an orc on level 4 of the Dungeon)

   When its wielder attacks, the weapon's spirit leaps out and strikes again.
   The spirit shares a part of any damage it takes with its wielder.
   Str:       It affects your strength (+3).
   Int:       It affects your intelligence (+2).
   rElec:     It insulates you from electricity.
   rPois:     It protects you from poison.
 X - the +7 pair of quick blades "Gyre" and "Gimble" {protect}
   (You found it in an ice cave)

   It grants its wielder temporary protection when it strikes (+7 to AC).
Missiles
 s - 13 javelins (quivered)
 C - 44 poisoned darts
Armour
 b - a +0 leather armour
 e - a +0 helmet
 g - a +2 scale mail
 l - a +0 scale mail
 m - a +0 cloak
 p - a +3 kite shield of cold resistance (worn)
 x - a scarf of shadows (worn)
 A - +0 steam dragon scales
 B - a +0 kite shield
 D - a +0 tower shield
 I - the +6 chain mail of Beogh's Supremacy (worn) {rF+ rC+ rCorr Dex-5}
   (You found it on level 8 of the Dungeon)

   Dex:       It affects your dexterity (-5).
   rF:        It protects you from fire.
   rC:        It protects you from cold.
   rCorr:     It protects you from acid and corrosion.
 P - a +2 pair of boots (worn)
 W - +0 ice dragon scales
Jewellery
 a - a +4 ring of slaying (left hand)
 G - a ring of willpower
 H - an amulet of faith
 K - the amulet of the Four Winds (around neck) {rN+ Will+++ Clar}
   (You found it in an ice cave)

   [amulet of nothing]

   rN:        It protects you from negative energy.
   Clar:      It protects you against confusion.
   Will:      It greatly increases your willpower.
 M - a ring of positive energy (right hand)
 N - a ring of protection from fire
 Q - a +6 ring of intelligence
Wands
 h - a wand of iceblast (29)
 t - a wand of paralysis (5)
 u - a wand of charming (1)
 F - a wand of flame (14)
 O - a wand of polymorph (11)
Scrolls
 c - 2 scrolls of vulnerability
 d - 2 scrolls of magic mapping
 j - a scroll of immolation
 o - a scroll of fear
 q - 8 scrolls of noise
 L - 3 scrolls of teleportation
 T - 3 scrolls of fog
 Z - 2 scrolls of blinking
Potions
 i - 5 potions of brilliance
 k - 2 potions of flight
 n - 6 potions of curing
 r - a potion of resistance
 v - a potion of cancellation
 w - 2 potions of might
 z - a potion of magic
 E - 2 potions of attraction
 J - a potion of heal wounds
 R - a potion of berserk rage
 S - 2 potions of degeneration
 U - a potion of lignification
 V - a potion of ambrosia
 Y - a potion of invisibility


   Skills:
 - Level 17.0 Fighting
 - Level 6.0 Maces & Flails
 + Level 11.3 Polearms
 - Level 8.0 Throwing
 - Level 11.0 Armour
 - Level 3.0 Dodging
 - Level 5.0 Stealth
 - Level 13.0 Shields
 - Level 7.0 Invocations
 - Level 7.0 Evocations


You had 13 spell levels left.
You didn't know any spells.
Your spell library contained the following spells:

 Spells                   Type           Power      Damage    Failure   Level
 Slow                     Hex            0%         N/A       96%         1
 Ensorcelled Hibernation  Hex/Ice        0%         N/A       99%         2
 Call Canine Familiar     Summ           0%         N/A       100%        3
 Confusing Touch          Hex            0%         N/A       100%        3
 Dazzling Flash           Conj/Hex       0%         N/A       100%        3
 Inner Flame              Hex/Fire       0%         N/A       100%        3
 Portal Projectile        Hex/Tloc       0%         N/A       100%        3
 Tukima's Dance           Hex            0%         N/A       100%        3
 Vampiric Draining        Necr           0%         2d6       100%        3
 Animate Dead             Necr           0%         N/A       100%        4
 Cause Fear               Hex            0%         N/A       100%        4
 Iskenderun's Mystic Bla  Conj/Tloc      0%         2d3       100%        4
 Leda's Liquefaction      Hex/Erth       0%         N/A       100%        4
 Borgnjor's Vile Clutch   Necr/Erth      0%         N/A       100%        5
 Death Channel            Necr           0%         N/A       100%        6
 Starburst                Conj/Fire      0%         6d3       100%        6
 Discord                  Hex            0%         N/A       100%        8


Dungeon Overview and Level Annotations

Branches:
Dungeon (11/15)            Temple (0/1) D:4            Lair (6/6) D:9
 Shoals (0/4) Lair:3        Snake (0/4) Lair:3          Orc (0/2) D:9
  IceCv (visited)
  Slime: Lair:5-6

Altars:
Ashenzari
Cheibriados
Elyvilon
Fedhas
Makhleb
Nemelex Xobeh
Qazlal
Ru
Trog
Xom
Yredelemnul
The Shining One
Beogh

Shops:
D:1 *   D:5 :   D:8 :   D:9 [

Annotations:
D:3 3 runed translucent doors, fragbeetle's ghost, amateur GnWr; oldriver's ghost, weakling DrCj; ytrimaz's ghost, amateur FoFi


Innate Abilities, Weirdness & Mutations

You have a pair of horns on your head.
You reflexively headbutt those who attack you in melee.


Message History

You hit the water moccasin but do no damage.
The water moccasin is severely wounded.
Your +1 spear "Seones" {spect, rElec rPois Str+3 Int+2} hits the water moccasin from afar.
The water moccasin bites you but does no damage.
The eight-headed hydra bites you.
The eight-headed hydra bites you but does no damage. x2
You block the eight-headed hydra's attack. x3
The eight-headed hydra bites you!
* * * LOW HITPOINT WARNING * * *
The eight-headed hydra bites you.
* * * LOW HITPOINT WARNING * * *
You miss the water moccasin.
Your headbutt misses the water moccasin.
The water moccasin is almost dead.
Your +1 spear "Seones" {spect, rElec rPois Str+3 Int+2} barely misses the water moccasin.
You block the water moccasin's attack.
You hit the bush but do no damage.
Your +1 spear "Seones" {spect, rElec rPois Str+3 Int+2} hits the bush but does no damage.
You block the eight-headed hydra's attack.
The eight-headed hydra bites you!
* * * LOW HITPOINT WARNING * * *
The eight-headed hydra bites you but does no damage.
You block the eight-headed hydra's attack.
The eight-headed hydra bites you!
* * * LOW HITPOINT WARNING * * *
The eight-headed hydra bites you but does no damage. x3
The water moccasin bites you but does no damage.
Unknown command.
A demon appears!
The water moccasin bites you but does no damage.
You block the eight-headed hydra's attack.
The eight-headed hydra bites you but does no damage. x2
You block the eight-headed hydra's attack.
The eight-headed hydra bites you.
* * * LOW HITPOINT WARNING * * *
The eight-headed hydra bites you.
* * * LOW HITPOINT WARNING * * *
The eight-headed hydra bites you but does no damage.
The eight-headed hydra bites you!
You die...

#### #PP## ##########...##
##...#.#.#.....###
.....^..§.S..P.....###
#.......P@#†......P... #
#......4##D.....(.....
#.#####...#.#.#†......P.....
#....#.........††(..(.......
.....†............#.........
#...÷.÷...........)....
#.#÷<÷÷[........(......
#.......÷..............
##.......#÷..$.........


You could see an eight-headed hydra, a water moccasin (ally target) and a
friendly orange demon (summoned).

Vanquished Creatures
  3 hydras
  A two-headed ogre (D:11)
  6 death yaks (Lair:4)
  Urug (Lair:2)
  A bog body (IceCv)
  Pikel (D:6)
  13 elephants
  An ice statue (IceCv)
  2 black mambas
  Maggie (D:7)
  8 komodo dragons
  2 rime drakes
  9 cane toads
  An ice devil (IceCv)
  An anaconda simulacrum (IceCv)
  An entropy weaver simulacrum (IceCv)
  2 polar bears
  A hornet (D:8)
  8 blink frogs
  A snapping turtle (Lair:3)
  Sigmund (D:1)
  A dire elephant simulacrum (IceCv)
  A wraith (D:6)
  A vampire (D:11)
  8 wyverns
  2 steam dragons (D:8)
  46 yaks
  2 death yak simulacra (IceCv)
  A naga (Lair:3)
  11 water moccasins
  2 black bears
  An orc warrior (D:9)
  A hornet zombie (D:7)
  46 wolves
  The ghost of Foxy the Stinger, an amateur DgVM (D:4)
  5 centaurs
  4 ogres
  2 lemures (D:6)
  3 phantoms
  A kobold brigand (D:5)
  17 bullfrogs
  A gnoll sergeant (D:6)
  A scorpion (D:6)
  11 two-headed ogre simulacra (IceCv)
  A cane toad simulacrum (IceCv)
  4 killer bees (D:10)
  An elephant simulacrum (IceCv)
  4 electric eels (D:9)
  4 howler monkeys
  2 centaur zombies
  A bullfrog zombie (D:7)
  4 hounds
  7 jellies
  3 orc priests
  A gnoll shaman (D:9)
  A bullfrog skeleton (D:6)
  2 iguanas
  Natasha (D:2)
  7 orc wizards
  13 hell rats
  8 spriggan simulacra (IceCv)
  Terence (D:2)
  3 polar bear simulacra (IceCv)
  5 troll simulacra (IceCv)
  2 wolf simulacra (IceCv)
  A howler monkey zombie (D:9)
  10 gnolls
  10 adders
  5 naga simulacra (IceCv)
  10 river rats (Lair:1)
  19 white imps
  2 ufetubi (IceCv)
  An adder skeleton (D:4)
  A worm (D:2)
  3 dart slugs
  42 orcs
  9 ball pythons
  8 endoplasms
  7 giant cockroaches
  8 hobgoblins
  9 jackals
  9 quokkas
  2 bats
  6 frilled lizards
  4 goblins
  9 kobolds
  13 rats
497 creatures vanquished.

Vanquished Creatures (collateral kills)
  A bog body (IceCv)
  An anaconda simulacrum (IceCv)
  A harpy simulacrum (IceCv)
  3 nagas (Lair:3)
  A white imp (IceCv)
7 creatures vanquished.

Vanquished Creatures (others)
  A hydra (Lair:6)
  A bush (Lair:6)
  35 fungi
  33 plants
  3 withered plants (D:3)
73 creatures vanquished.

Grand Total: 577 creatures vanquished

Notes
Turn   | Place    | Note
-------+----------+-------------------------------------------
     0 | D:5      | enile the Minotaur Delver began the quest for the Orb.
     0 | D:5      | Reached XP level 1. HP: 19/19 MP: 0/0
    64 | D:5      | Found a blossoming altar of Fedhas.
    66 | D:5      | Found a shimmering altar of Xom.
    77 | D:5      | Became a worshipper of Makhleb the Destroyer
   148 | D:5      | Noticed a centaur
   367 | D:5      | Found Qouq's Book Boutique.
   395 | D:4      | Noticed an ogre
   401 | D:4      | Noticed a phantom
   418 | D:4      | Reached skill level 4 in Fighting
   418 | D:4      | Killed an ogre
   419 | D:4      | Reached skill level 5 in Fighting
   419 | D:4      | Reached XP level 2. HP: 3/29 MP: 1/1
   419 | D:4      | Reached XP level 3. HP: 4/36 MP: 2/2
   419 | D:4      | Reached XP level 4. HP: 5/42 MP: 3/3
   811 | D:4      | Found a sacrificial altar of Ru.
   894 | D:2      | Found a faded altar of an unknown god.
   925 | D:2      | Reached XP level 5. HP: 35/48 MP: 4/4
  1059 | D:2      | Noticed Sigmund
  1263 | D:1      | Killed Sigmund
  1263 | D:1      | Reached * piety under Makhleb
  1264 | D:1      | Reached skill level 5 in Maces & Flails
  1264 | D:1      | Reached XP level 6. HP: 33/56 MP: 5/5
  1572 | D:1      | Found Zetzingo's Assorted Antiques.
  1968 | D:2      | Reached skill level 6 in Fighting
  2035 | D:2      | Noticed Terence
  2045 | D:2      | Killed Terence
  2045 | D:2      | Reached ** piety under Makhleb
  2294 | D:2      | Noticed Natasha
  2312 | D:2      | Killed Natasha
  2735 | D:3      | Found a runed translucent gate.
  2735 | D:3      | Found a runed translucent gate.
  2739 | D:3      | Found a runed translucent gate.
  2857 | D:3      | Found a glowing golden altar of the Shining One.
  2959 | D:3      | Found a snail-covered altar of Cheibriados.
  3003 | D:3      | Noticed fragbeetle's ghost (amateur GnWr)
  3003 | D:3      | Noticed ytrimaz's ghost (amateur FoFi)
  3004 | D:3      | Noticed oldriver's ghost (weakling DrCj)
  3283 | D:4      | Reached skill level 1 in Invocations
  3301 | D:4      | Reached XP level 7. HP: 15/63 MP: 5/7
  3583 | D:4      | Found a basalt altar of Yredelemnul.
  3785 | D:4      | Found a staircase to the Ecumenical Temple.
  3791 | D:4      | Reached skill level 5 in Armour
  3853 | D:4      | Identified the +1 spear "Seones" {spect, rElec rPois Str+3
                  | Int+2}
  3853 | D:4      | Noticed Foxy's ghost (amateur DgVM)
  3854 | D:4      | Found a runed translucent gate.
  3856 | D:4      | Found a runed translucent gate.
  4026 | D:4      | Found a runed translucent gate.
  4144 | D:4      | Killed Foxy's ghost
  4145 | D:4      | Reached skill level 7 in Fighting
  4145 | D:4      | Reached skill level 1 in Throwing
  4430 | D:4      | Reached *** piety under Makhleb
  4439 | D:5      | Reached XP level 8. HP: 33/73 MP: 8/8
  4873 | D:5      | Found a broken altar of Ashenzari.
  4873 | D:5      | Found a bloodstained altar of Trog.
  5052 | D:5      | Reached skill level 5 in Polearms
  5432 | D:1      | Bought a glowing scarf for 216 gold pieces
  5696 | D:6      | Reached skill level 8 in Fighting
  5867 | D:6      | Reached XP level 9. HP: 78/81 MP: 9/9
  5884 | D:6      | Reached **** piety under Makhleb
  5912 | D:6      | Noticed Pikel
  5956 | D:6      | Killed Pikel
  5957 | D:6      | Reached skill level 5 in Throwing
  6828 | D:7      | Reached skill level 5 in Invocations
  7066 | D:7      | Noticed Maggie
  7080 | D:7      | Killed Maggie
  7081 | D:7      | Reached skill level 9 in Fighting
  7403 | D:7      | Found a sparkling altar of Nemelex Xobeh.
  7978 | D:8      | Reached skill level 1 in Shields
  8042 | D:8      | Reached XP level 10. HP: 66/91 MP: 12/12
  8199 | D:8      | Found Laumygh's Self-Improvement Boutique.
  8223 | D:8      | Identified the +6 chain mail of Beogh's Supremacy {rF+ rC+
                  | rCorr Dex-5}
  8637 | D:8      | Reached skill level 5 in Shields
  9237 | D:9      | Found a staircase to the Orcish Mines.
  9240 | D:9      | Found Eghif's Armour Shoppe.
  9486 | D:9      | Found a staircase to the Lair.
  9502 | D:9      | Found a white marble altar of Elyvilon.
  9655 | D:9      | Reached ***** piety under Makhleb
  9664 | D:9      | Found a stormy altar of Qazlal.
  9767 | D:10     | Entered Level 10 of the Dungeon
 10836 | D:11     | Reached XP level 11. HP: 96/97 MP: 13/13
 11017 | D:11     | Found a frozen archway.
 11091 | IceCv    | Entered an ice cave
 11670 | IceCv    | Reached skill level 10 in Armour
 11993 | IceCv    | Found the amulet of the Four Winds {rN+ Will+++ Clar}
 11994 | IceCv    | Found the +7 pair of quick blades "Gyre" and "Gimble"
                  | {protect}
 11998 | IceCv    | Noticed a bog body
 12016 | IceCv    | Noticed a bog body
 12029 | IceCv    | Killed a bog body
 12030 | IceCv    | Reached skill level 10 in Fighting
 12035 | IceCv    | Killed a bog body
 12039 | IceCv    | Reached skill level 10 in Polearms
 12545 | IceCv    | Reached skill level 1 in Evocations
 13398 | D:11     | Noticed a two-headed ogre
 13413 | D:11     | Killed a two-headed ogre
 13637 | Lair:1   | Entered Level 1 of the Lair of Beasts
 13842 | Lair:1   | Reached skill level 5 in Evocations
 14383 | Lair:1   | Reached XP level 12. HP: 106/106 MP: 16/16
 16079 | Lair:2   | Reached skill level 11 in Fighting
 16602 | Lair:2   | Noticed Urug
 16614 | Lair:2   | Killed Urug
 17210 | Lair:3   | Reached XP level 13. HP: 116/116 MP: 17/17
 17360 | Lair:3   | Found a staircase to the Snake Pit.
 18015 | Lair:3   | Found a staircase to the Shoals.
 18603 | Lair:4   | Identified a scroll of acquirement
 18603 | Lair:4   | Acquired 777 gold pieces
 18765 | D:8      | Bought a manual of Fighting for 1120 gold pieces
 18991 | Lair:4   | Reached skill level 12 in Fighting
 19670 | Lair:4   | Reached skill level 13 in Fighting
 19917 | Lair:5   | Reached XP level 14. HP: 130/130 MP: 18/18
 19926 | Lair:6   | Entered Level 6 of the Lair of Beasts
 19944 | Lair:5   | Reached skill level 14 in Fighting
 20381 | Lair:4   | Reached skill level 15 in Fighting
 20968 | Lair:5   | Reached ****** piety under Makhleb
 21313 | Lair:6   | Reached skill level 5 in Stealth
 21438 | Lair:6   | Reached skill level 16 in Fighting
 21624 | Lair:6   | Reached skill level 17 in Fighting
 21764 | Lair:6   | HP: 4/140 [eight-headed hydra (5)]
 21764 | Lair:6   | Mangled by an eight-headed hydra

Illustrated notes

Levels and vault maps discovered:
D:1:      saegor_arrival_simple_e, layout_rooms, serial_shops, shop
D:2:      layout_basic, nicolae_ecumenical_oubliette,
          corexii_item_surrounded_by_moat, uniq_natasha, uniq_sigmund,
          uniq_terence
D:3:      layout_rooms, tso_altar, overflow_temple_1_default,
          gammafunk_ghost_cemetery
D:4:      layout_basic, nicolae_ru_sacrificial_ziggurat,
          mainiacjoe_overflow_concentric_impassable, temple_green,
          biasface_ghost_orc_armoury, serial_curves, eino_curves_03,
          eino_curves_02
D:5:      layout_rooms, amethyst_overflow_temple_binary,
          grunt_temple_overflow_open, serial_shops, nicolae_shop_statue_plus,
          chequers_serial_rivers_marsh
D:6:      layout_loops_ring, minmay_diced_spiral, uniq_pikel
D:7:      layout_basic, lemuel_doored_altar, kennysheep_generic_room_4,
          uniq_maggie
D:8:      layout_basic, nicolae_shop_self_help
D:9:      layout_big_octagon, general_overflow_altar,
          nicolae_elyvilon_temple_path, orc_david_3, minivault_11,
          grunt_decor_arrowhead
D:10:     layout_loops_ring
D:11:     layout_irregular_city, serial_column_ruins, column_ruins_columns_plus,
          column_ruins_open_medium, column_ruins_columns_corner,
          column_ruins_corridor_T, column_ruins_columns_dead_end,
          portal_ice_cave_entry_imps, serial_shops, shop, nrook_campfire,
          chequers_serial_rivers_micro_d
Lair:1:   lemuel_ratsnest, layout_cave_pods, grunt_forest_stairs_basic,
          grunt_megastairs_5
Lair:2:   wander_river, layout_layer_cave, infiniplex_staircase_pool, uniq_urug
Lair:3:   layout_cave_pods, minmay_shoals_entry_hut,
          guppyfry_snake_entry_island, lemuel_fruit_tree, lemuel_fruit_fields
Lair:4:   layout_misc_corridors, lemuel_fruit_fields, serial_bayou_shore_a
Lair:5:   layout_gridlike, st_stairs_9
Lair:6:   cheibrodos_lair_end_hotspot, layout_misc_corridors,
          dpeg_slime_entry_enclosed_altar

Skill      XL: |  1  2  3  4  5  6  7  8  9 10 11 12 13 14 |
---------------+-------------------------------------------+-----
Fighting       | 5 6 7 8 9 10 11 13 17 | 17.0
Maces & Flails | 3 5 6 |  6.0
Armour         | 2 4 5 6 9 10 11 | 11.0
Invocations    | 2 5 7 |  7.0
Throwing       | 3 5 7 8 |  8.0
Polearms       | 2 7 8 9 10 11 | 11.3
Dodging        | 3 |  3.0
Shields        | 3 8 9 12 13 | 13.0
Evocations     | 5 7 |  7.0
Stealth        | 5 |  5.0

Action                   |  1- 3 |  4- 6 |  7- 9 | 10-12 | 13-15 || total
-------------------------+-------+-------+-------+-------+-------++-------
Melee: Mace              |    11 |   179 |    61 |       |       ||   251
       Headbutt          |     3 |    22 |    48 |   158 |   136 ||   367
       Spear             |       |       |   211 |   840 |   560 ||  1611
Throw: Dart              |       |       |     3 |     2 |       ||     5
       Boomerang         |       |       |     2 |    10 |       ||    12
       Throwing net      |       |       |     1 |       |     1 ||     2
       Javelin           |       |       |       |    12 |    13 ||    25
Invok: Lesser Servant of |       |       |       |     4 |     1 ||     5
       Major Destruction |       |       |       |     1 |       ||     1
Evoke: Wand              |       |     3 |       |       |     4 ||     7
  Use: Scroll            |     2 |     4 |     6 |     8 |     8 ||    28
       Potion            |       |     3 |     3 |     2 |       ||     8
 Stab: Sleeping          |       |     8 |     2 |       |       ||    10
       Distracted        |       |       |       |     8 |     5 ||    13
       Invisible         |       |       |       |     3 |       ||     3
Armor: Leather armour    |     4 |    38 |       |       |       ||    42
       Scale mail        |       |    28 |    81 |     1 |       ||   110
       Chain mail        |       |       |       |   246 |   198 ||   444
Dodge: Dodged            |    13 |   107 |   118 |   196 |   111 ||   545
Block: Kite shield       |       |       |       |   157 |   344 ||   501
       Buckler           |       |       |       |    11 |       ||    11

Table legend: (Time is in decaauts)
 A = Elapsed time spent in this place.
 B = Non-inter-level travel time spent in this place.
 C = Inter-level travel time spent in this place.
 D = Time resting spent in this place.
 E = Time spent auto-exploring this place.
 F = Levels seen in this place.
 G = Mean time per level.
                   A        B        C        D        E       F      G
               +--------+--------+--------+--------+--------+-----+--------+
         Total |  21364 |  20214 |   1150 |   2044 |  14501 |  18 | 1186.9 |
       Dungeon |  11744 |  10935 |    809 |   1236 |   7655 |  11 | 1067.6 |
          Lair |   7483 |   7142 |    341 |    409 |   5609 |   6 | 1247.2 |
      Ice Cave |   2136 |   2136 |      0 |    399 |   1236 |   1 | 2136.0 |
               +--------+--------+--------+--------+--------+-----+--------+

Top non-repeatable levels by time:
   IceCv: 2136 daAuts
     D:4: 1813 daAuts
  Lair:1: 1568 daAuts
  Lair:2: 1560 daAuts
  Lair:3: 1530 daAuts
  Lair:4: 1457 daAuts
     D:5: 1335 daAuts
     D:9: 1215 daAuts
     D:8: 1207 daAuts
     D:2: 1178 daAuts
     D:6: 1173 daAuts
    D:10: 1171 daAuts
  Lair:5: 1000 daAuts
     D:7: 936 daAuts
     D:1: 719 daAuts
